 Dungeon Crawl Stone Soup version 0.27-a0-604-g29a88b33a7 (webtiles) character file.

Game seed: 7782294627652417610

343 Essalna the Chiller (level 6, -1/46 HPs)
             Began as a Demonspawn Ice Elementalist on Mar 12, 2021.
             Was an Initiate of Ashenzari.
             Slain by an ogre
             ... wielding a +0 giant club
              (8 damage)
             ... on level 4 of the Dungeon.
             The game lasted 00:16:35 (4329 turns).

Essalna the Chiller (Demonspawn Ice Elementalist)   Turns: 4329, Time: 00:16:36

Health: -1/46      AC:  7    Str:  8    XL:     6   Next: 31%
Magic:  9/11       EV: 13    Int: 19    God:    Ashenzari [......]
Gold:   133        SH:  0    Dex: 15    Spells: 7/11 levels left

rFire    . . .     SeeInvis .   f - +0 dagger
rCold    . . .     Faith    .   (no shield)
rNeg     . . .     Spirit   .   a - +0 robe
rPois    .         Reflect  .   (no helmet)
rElec    .         Harm     .   d - +0 cloak
rCorr    .         Rampage  .   (no gloves)
Will     .....                  (no boots)
Stlth    +++.......             (no amulet)
HPRegen  0.15/turn              h - ring "Insecurity of Ashenzari" {AC+4, Bglg, Comp} (curse)
MPRegen  0.12/turn              (no ring)

@: no status effects
A: talons 1, thin skeletal structure 1, ignite blood 1
a: Renounce Religion, Shatter the Chains


You were on level 4 of the Dungeon.
You worshipped Ashenzari.
Ashenzari was noncommittal.
You visited 2 branches of the dungeon, and saw 6 of its levels.
You also visited: Sewer.

You collected 133 gold pieces.

Inventory:

Hand Weapons
 f - a +0 dagger (weapon)
Armour
 a - a +0 robe (worn)
 d - a +0 cloak (worn)
Jewellery
 h - the cursed ring "Insecurity of Ashenzari" (right hand) {AC+4, Bglg, Comp}
   (You found it on level 1 of the Dungeon)

   [ring of protection]

   It affects your AC (+4).
   It has a curse placed upon it.
Scrolls
 g - 2 scrolls of magic mapping
 i - 2 scrolls of identify
 k - a scroll of enchant weapon
 m - a scroll of fog
 o - a scroll of random uselessness
 p - a scroll of amnesia
 q - a scroll of enchant armour
Potions
 b - a potion of flight
 c - a potion of magic
 e - 2 potions of heal wounds
 l - a potion of ambrosia
 n - a potion of attraction


   Skills:
 + Level 2.9 Fighting
 + Level 3.3 Dodging
 - Level 1.7 Stealth
 + Level 3.4 Spellcasting
 + Level 4.7 Ice Magic


You had 7 spell levels left.
You knew the following spells:

 Your Spells              Type           Power      Damage    Failure   Level
a - Freeze                Ice            84%        1d10      1%          1
b - Frozen Ramparts       Ice            42%        1d6       6%          3

Your spell library contained the following spells:

 Spells                   Type           Power      Damage    Failure   Level
 Ozocubu's Armour         Ice            21%        N/A       6%          3
 Hailstorm                Conj/Ice       12%        3d5       47%         4
 Summon Ice Beast         Ice/Summ       12%        N/A       47%         4


Dungeon Overview and Level Annotations

Branches:
Dungeon (5/15)             Temple (1/1) D:4           Sewer (visited)

Altars:
Ashenzari
Elyvilon
Gozag
Hepliaklqana
Nemelex Xobeh
Okawaru
Sif Muna
Trog
Wu Jian

Annotations:
D:4 Grinder


Innate Abilities, Weirdness & Mutations

You have sharp toenails.
You have a somewhat thin skeletal structure. (Dex +2, Stealth)
Your demonic aura sometimes causes spilled blood to erupt in flames


Message History

The frozen ramparts melt away as you move.
Your magical contamination has completely faded away.
Magic restored.
HP restored.
There is a stone staircase leading up here.
An ogre is nearby!
No target in view!
The ogre shouts!
An ogre is nearby!
Casting: Frozen Ramparts (dangerous; 6% risk of failure)
Confirm with . or Enter, or press ? or * to list all spells.
Casting: Frozen Ramparts (dangerous; 6% risk of failure)
Press: ? - help, Dir - look around, f - activate The walls around you are covered in ice.
The wall freezes the ogre.
The ogre closely misses you.
Unknown command.
You hit the ogre but do no damage.
The ogre is lightly wounded.
The wall freezes the ogre.
The ogre hits you with a +0 giant club!
You closely miss the ogre.
The ogre is moderately wounded.
The wall freezes the ogre.
The ogre closely misses you.
You hit the ogre.
The ogre is moderately wounded.
You hit the ogre but do no damage. You claw the ogre.
The ogre is heavily wounded.
The wall freezes the ogre.
The ogre misses you.
You hit the ogre. You claw the ogre.
The ogre is heavily wounded.
The wall freezes the ogre.
The ogre barely misses you.
You barely miss the ogre. You claw the ogre, but do no damage.
The ogre is severely wounded.
The wall freezes the ogre.
The ogre hits you with a +0 giant club!!
Ouch! That really hurt!
* * * LOW HITPOINT WARNING * * *
You barely miss the ogre.
The ogre is almost dead.
The frozen ramparts melt away.
The ogre hits you with a +0 giant club!
You die...

############ #..........#
#.########.# #.#....##<.#
#.#.##.##..# #.#.O@○....#
#.#..#.#...# #.#..#.#...#****
#.#..#.#.....,,*
###########.#..#.#######,* ***
#...........####..,,,,**,* *,,
**,***#...........,,*,**,*****,,
*,* #.##>.......,,,,**,**,,,,,
*,* #.##........,,,,,,,,+,,,,,


You could see an ogre.

Vanquished Creatures
  A kobold brigand (Sewer)
  2 scorpions (D:4)
  An orc priest (D:3)
  An iguana (D:4)
  A worker ant (D:5)
  An adder (D:3)
  A worm (D:2)
  A dart slug (D:1)
  6 leopard geckos
  8 orcs (D:3)
  2 ball pythons (D:1)
  A giant cockroach (D:3)
  6 goblins
  5 hobgoblins
  7 jackals
  2 quokkas (D:2)
  A ball python skeleton (D:4)
  8 bats
  2 frilled lizards (D:2)
  13 kobolds
  A leopard gecko skeleton (D:4)
  15 rats
86 creatures vanquished.

Notes
Turn   | Place    | Note
-------+----------+-------------------------------------------
     0 | D:1      | Essalna the Demonspawn Ice Elementalist began the quest for
                  | the Orb.
     0 | D:1      | Reached XP level 1. HP: 13/13 MP: 3/3
   404 | D:1      | Gained mutation: You have a somewhat thin skeletal
                  | structure. (Dex +2, Stealth) [demonic ancestry]
   404 | D:1      | Reached XP level 2. HP: 15/20 MP: 1/5
   735 | D:1      | Reached skill level 1 in Fighting
  1230 | D:2      | Gained mutation: Your demonic aura sometimes causes spilled
                  | blood to erupt in flames [demonic ancestry]
  1230 | D:2      | Reached XP level 3. HP: 26/26 MP: 3/6
  1824 | D:2      | Found an opulent altar of Gozag.
  2001 | D:3      | Reached skill level 4 in Ice Magic
  2134 | D:3      | Learned a level 3 spell: Frozen Ramparts
  2309 | D:3      | Reached XP level 4. HP: 31/32 MP: 7/7
  2438 | D:2      | Found an iron altar of Okawaru.
  2784 | D:3      | Found a sparkling altar of Nemelex Xobeh.
  2888 | D:3      | Found an ornate altar of the Wu Jian Council.
  3083 | D:4      | Found a staircase to the Ecumenical Temple.
  3087 | Temple   | Entered the Ecumenical Temple
  3095 | Temple   | Became a worshipper of Ashenzari the Shackled
  3129 | D:4      | Noticed Grinder
  3145 | D:4      | Noticed an ogre
  3188 | D:4      | Found a bloodstained altar of Trog.
  3293 | D:4      | Reached XP level 5. HP: 18/38 MP: 5/9
  3299 | D:5      | Entered Level 5 of the Dungeon
  3299 | D:5      | Found a shimmering blue altar of Sif Muna.
  3364 | D:5      | Noticed an ice beast
  3392 | D:4      | Noticed a phantom
  3405 | D:4      | HP: 1/39 [phantom (2)]
  3507 | D:4      | Found a glowing drain.
  3511 | Sewer    | Entered a sewer
  3698 | Sewer    | Gained mutation: You have sharp toenails. [demonic
                  | ancestry]
  3698 | Sewer    | Reached XP level 6. HP: 43/46 MP: 6/11
  4329 | D:4      | Slain by an ogre

Illustrated notes

Levels and vault maps discovered:
D:1:      lightli_iron_boxes, layout_basic
D:2:      lemuel_upstairs_altar, layout_loops_ring, lemuel_doored_altar,
          skrybe_limestone_x, grunt_gozag_breadcrumbs
D:3:      layout_basic, pdpol_wu_jian_five_deadly_venoms,
          nemelex_xobeh_ov_fountains_minmay
D:4:      layout_basic, nicolae_overflow_crystal_walls,
          minmay_temple_entry_junction, gup_sewer_entry_bowl, serial_shops,
          kennysheep_little_box, minmay_puff, uniq_grinder, uniq_sigmund
D:5:      layout_loops_ring, nicolae_tso_carved_into_rock,
          overflow_temple_1_default, grunt_temple_overflow_open
Temple:   compressed_dpeg_circular_temple

Skill      XL: |  1  2  3  4  5 |
---------------+----------------+-----
Dodging        | 2 3 |  3.3
Fighting       | 1 2 |  2.9
Ice Magic      | 4 |  4.7
Spellcasting   | 3 |  3.4
Stealth        | |  1.7

Action                   |  1- 3 |  4- 6 || total
-------------------------+-------+-------++-------
Melee: Dagger            |    92 |   103 ||   195
       Kick              |       |    10 ||    10
 Cast: Freeze            |    44 |    15 ||    59
       Frozen Ramparts   |     1 |    15 ||    16
Invok: Curse Item        |       |     1 ||     1
  Use: Scroll            |       |     4 ||     4
       Potion            |       |     7 ||     7
 Stab: Sleeping          |     8 |     4 ||    12
       Distracted        |       |     1 ||     1
Armor: Robe              |    48 |    32 ||    80
Dodge: Dodged            |    91 |    78 ||   169

Table legend: (Time is in decaauts)
 A = Elapsed time spent in this place.
 B = Non-inter-level travel time spent in this place.
 C = Inter-level travel time spent in this place.
 D = Time resting spent in this place.
 E = Time spent auto-exploring this place.
 F = Levels seen in this place.
 G = Mean time per level.
                   A        B        C        D        E       F      G
               +--------+--------+--------+--------+--------+-----+--------+
         Total |   4349 |   4059 |    290 |     28 |   3063 |   7 |  621.3 |
       Dungeon |   3985 |   3695 |    290 |     28 |   2813 |   5 |  797.0 |
        Temple |     16 |     16 |      0 |      0 |      0 |   1 |   16.0 |
         Sewer |    347 |    347 |      0 |      0 |    250 |   1 |  347.0 |
               +--------+--------+--------+--------+--------+-----+--------+

Top non-repeatable levels by time:
     D:3: 1497 daAuts
     D:1: 1036 daAuts
     D:2: 921 daAuts
     D:4: 431 daAuts
   Sewer: 347 daAuts
     D:5: 99 daAuts
  Temple: 16 daAuts
